Map: Invader LE

Players

TrinitySeven - Winner!

  • Race: Protoss Protoss

capac

  • Race: Terran Terran
  • League: Gold

VOD

Have the link to the VOD?

Description

Time

  • Played on: April 10, 2016, 10:27 a.m.
  • Length: 6:43
Show
View Real Time Build Order
Export as new Build Order

TrinitySeven Protoss - Winner!

Build Orders:  

Get SALT Encoding   

  12  0:02  Probe (Chrono Boost)  
  13  0:12  Probe (Chrono Boost)  
  14  0:21  Pylon  
  14  0:23  Probe (Chrono Boost)  
  15  0:39  Probe (Chrono Boost), Gateway  
  17  0:50  Probe (Chrono Boost)  
  17  0:51  Assimilator  
  17  1:00  Probe (Chrono Boost)  
  18  1:04  Gateway  
  18  1:09  Pylon  
  18  1:13  Probe (Chrono Boost)  
  19  1:24  Probe (Chrono Boost)  
  20  1:28  Cybernetics Core  
  20  1:38  Probe (Chrono Boost)  
  21  1:40  Assimilator  
  21  1:48  Probe (Chrono Boost)  
  22  1:59  Probe (Chrono Boost)  
  23  2:04  Adept x2  
  27  2:10  Mothership Core (Chrono Boost)  
  29  2:20  Pylon  
  29  2:22  Warp Gate (Chrono Boost)  
  28  2:31  Adept  
  30  2:38  Adept  
  32  2:58  Adept  
  34  2:59  Robotics Facility  
  34  3:00  Probe  
  34  3:05  Adept  
  37  3:12  Probe  
  38  3:15  Pylon  
  38  3:33  Gateway  
  38  3:36  Gateway  
  38  3:54  Warp Prism (Chrono Boost)  
  40  4:15  Pylon  
  40  4:18  Pylon  
  40  4:25  Adept x2  
  44  4:54  Pylon  
  44  4:57  Nexus  
  44  4:59  Pylon  
  44  5:07  Adept x3  
  44  5:08  Adept  
  52  5:35  Probe  
  53  5:44  Adept x4  
  53  5:47  Probe  
  62  5:51  Pylon  
  62  5:59  Probe  
  61  6:16  Adept x2  
  61  6:17  Adept x2  
  61  6:18  Probe  
Show
View Real Time Build Order
Export as new Build Order

capac Terran 

Build Orders: Reaper Expand 

Get SALT Encoding   

  12  0:01  SCV  
  13  0:16  Supply Depot  
  13  0:20  SCV  
  14  0:32  SCV  
  15  0:40  Barracks  
  15  0:44  SCV  
  16  0:52  Refinery  
  16  0:56  SCV  
  17  1:08  SCV  
  18  1:27  SCV  
  19  1:32  Command Center  
  19  1:37  Reaper  
  20  1:42  Orbital Command  
  20  1:51  Supply Depot  
  20  2:18  Barracks Reactor  
  20  2:23  Barracks  
  20  2:24  SCV  
  21  2:34  Refinery  
  21  2:35  Factory  
  21  2:39  SCV  
  22  2:47  Orbital Command  
  22  2:51  SCV  
  22  2:56  Marine x2  
  24  3:12  Marine  
  24  3:23  Marine  
  24  3:26  Bunker  
  25  3:33  Marine  
  25  3:34  Marine  
  27  3:40  Factory Tech Lab  
  26  3:44  Starport  
  26  3:52  Marine  
  25  4:06  Supply Depot  
  25  4:09  Siege Tank  
  28  4:10  Marine x2  
  30  4:20  Engineering Bay  
  30  4:22  Marine  
  30  4:28  Marine  
  30  4:38  Marine  
  29  4:40  Marine  
  29  4:42  SCV  
  32  4:57  SCV  
  28  5:17  Siege Tank  
  30  5:27  Marine  
  27  5:44  Marine x2  
Tags
 
Add a new tag
Caveats
  • Supply blocks, unpowered buildings, or Contaminate may cause inaccurate times.
  • Supply counts are checked every 10 seconds.